[Event "*** SCC Grand Prix: Titled Tuesday Blitz"]
[Site "Chess.com"]
[Date "2020.10.13"]
[Round "8"]
[White "jacky72"]
[Black "TokChess"]
[Result "0-1"]
[WhiteElo "2546"]
[BlackElo "2425"]
[TimeControl "180+1"]
[EndTime "11:34:53 PDT"]
[Termination "TokChess won by resignation"]

1. d4 d5 2. c4 c6 3. Nf3 Nf6 4. Nc3 a6 5. cxd5 cxd5 6. Bf4 e6 7. e3 b5 8. Bd3 Bb7 9. O-O Bd6 10. Ne5 Nc6 11.
Nxc6 Bxc6 12. Bxd6 Qxd6 13. Rc1 O-O 14. Bb1 Rfc8 15.
Qd3 g6 16. h3 Ne4 17. Nxe4 dxe4 18. Qc3 Bb7 19. Qa5 Bd5 20. a4 bxa4 21. Qxa4 Rab8 22. Rc2 Rxc2 23. Qxc2 Qb4 24. Rc1 Qxb2 25. Qxb2 Rxb2 26. Bc2 f5 27. Kf1 Kf7 28. Ke1 Ke7 29. Ba4 Ra2 30. Bc6 Bb3 31. Rb1 Bc4 32. Rb7+ Kd6 33. Be8 Re2+ 34.
Kd1 Rxf2 35. g4 Bb5 36. Bxb5 axb5 37. Rxh7 Rf3 38. Ke2 b4 39. gxf5 gxf5 40. h4 b3 41. Rb7 Rh3 42. Rxb3 Rxh4 43. Rb6+ Kd5 44. Rb5+ Kc6 45.
Rc5+ Kd6 46. Kf2 Rh2+ 47. Kg3 Re2 48. Rc3 Kd5 49. Rc5+ Kd6 50. Rc3 Re1 51. Ra3 Rf1 52. Kh4 Rf3 53. Kg5 Kd5 54. Kf6 Rxe3 55. Rxe3 Kxd4 56.
Re1 f4 57. Kxe6 f3 58. Kf5 f2 59. Ra1 e3 60. Kf4 e2 61. Ra4+ Kc5 62. Ra5+ Kb6 63.
Rf5 e1=Q 64. Kg5 f1=Q 65. Rxf1 Qxf1 0-1

[Event "*** SCC Grand Prix: Titled Tuesday Blitz"]
[Site "Chess.com"]
[Date "2020.10.13"]
[Round "8"]
[White "ASVZ"]
[Black "BursaBBSatranc"]
[Result "1/2-1/2"]
[WhiteElo "2453"]
[BlackElo "2589"]
[TimeControl "180+1"]
[EndTime "11:34:56 PDT"]
[Termination "Game drawn by stalemate"]

1. e4 e5 2. Nf3 Nf6 3. Nc3 Nc6 4. Bb5 Bb4 5. O-O O-O 6. d3 d6 7. Bg5 Bxc3 8. bxc3 Qe7 9. Bxc6 bxc6 10. Rb1 Bg4 11.
h3 Bh5 12. g4 Bg6 13. Rb7 a5 14. Kg2 d5 15. Qe2 Rfe8 16. Nh4 Qd6 17. Bxf6 gxf6 18. Nf5 Bxf5 19. gxf5 Kh8 20. Qh5 Rg8+ 21. Kf3 dxe4+ 22.
dxe4 Qd2 23. Qxf7 Qf4+ 24. Ke2 Qxe4+ 25. Kd2 Qf4+ 26. Ke2 Qe4+ 27. Kd1 Qxf5 28. Rxc7 Rad8+ 29. Kc1 Rdf8 30. Qe7 Re8 31. Qf7 Rc8 32. Rxc8 Qf4+ 33. Kb2 Rxc8 34. Rg1 Qh6 35. Rd1 Rb8+ 36. Ka3 Qf8+ 37.
Qxf8+ Rxf8 38. Rd6 Kg7 39. Rxc6 Kg6 40. Ka4 Rd8 41. Kxa5 Rd2 42. Kb4 Rxc2 43. a4 Rxf2 44. a5 Ra2 45. a6 e4 46. Re6 Kf5 47. Rb6 e3 48. Rb5+ Kf4 49. Ra5 Rb2+ 50. Kc5 Rb8 51.
Ra4+ Kf3 52. a7 Ra8 53. Kb6 e2 54. Ra1 Ke3 55. c4 f5 56. c5 f4 57. c6 f3 58.
Kb7 Re8 59. c7 f2 60. c8=Q Rxc8 61. Kxc8 f1=Q 62. a8=Q Qf8+ 63. Kb7 Qxa8+ 64. Kxa8 Kf2 65. Kb7 e1=Q 66. Rxe1 Kxe1 67. Kc6 Kf2 68. h4 h5 69. Kd5 Kg3 70. Ke4 Kxh4 71. Kf3 Kg5 72. Kg2 h4 73. Kh3 Kf4 74. Kh2 Kg4 75. Kh1 h3 76. Kg1 Kh4 77. Kh1 Kg3 78. Kg1 h2+ 79. Kh1 Kh3 1/2-1/2

[Event "*** SCC Grand Prix: Titled Tuesday Blitz"]
[Site "Chess.com"]
[Date "2020.10.13"]
[Round "8"]
[White "tylityli"]
[Black "googlegoom"]
[Result "0-1"]
[WhiteElo "2217"]
[BlackElo "2378"]
[TimeControl "180+1"]
[EndTime "11:34:56 PDT"]
[Termination "googlegoom won on time"]

1. d4 d5 2. c4 c6 3. cxd5 cxd5 4. Bf4 Nf6 5. e3 e6 6. Nc3 Nc6 7. Bd3 Be7 8. Nf3 Bd7 9. h3 Rc8 10. Rc1 O-O 11. O-O Na5 12. Ne5 Nc4 13. b3 Nd6 14. f3 a6 15. g4 h6 16. Nxd7 Qxd7 17. Na4 Rxc1 18. Qxc1 Rc8 19. Nc5 Qc6 20. Qd2 Nb5 21. a4 Na7 22. b4 Bxc5 23. dxc5 Qxa4 24. Be5 Nd7 25. Bc3 Qc6 26. Qb2 f6 27. Bb1 Nb5 28. Qc2 Nf8 29. Bb2 a5 30. Qb3 axb4 31. Rc1 Nc7 32.
Qxb4 Na6 33. Qf4 Nxc5 34. Bxf6 gxf6 35. Qxf6 Qd7 36. Qxh6 Qg7 37. Qf4 Nd3 38. Bxd3 Rxc1+ 39. Kf2 Rc8 40. h4 Rd8 41. h5 e5 42. Qf5 Rd6 43. g5 Qf7 44. Qg4 e4 45. Be2 exf3 46. Bxf3 d4 47. exd4 Qe6 48. Qf4 Qa2+ 49. Kg3 Qe6 50.
g6 Qf6 51. Qe4 Rxd4 52. Qxb7 Qf4+ 53. Kg2 Rd2+ 54. Kf1 Nd7 55. Qc8+ Kg7 56. Qb7 Qe3 0-1

[Event "*** SCC Grand Prix: Titled Tuesday Blitz"]
[Site "Chess.com"]
[Date "2020.10.13"]
[Round "8"]
[White "Nikita_Klepikov"]
[Black "JuliaEfremova"]
[Result "1/2-1/2"]
[WhiteElo "2257"]
[BlackElo "2328"]
[TimeControl "180+1"]
[EndTime "11:34:57 PDT"]
[Termination "Game drawn - insufficient material"]

1. e4 d5 2. exd5 Qxd5 3. Nc3 Qa5 4. d4 Nf6 5. Bd2 c6 6. Bc4 Qc7 7. Nf3 Bg4 8. h3 Bh5 9. Qe2 Nbd7 10. g4 Bg6 11. O-O-O e6 12. Ne5 O-O-O 13. f4 Bd6 14. f5 exf5 15. gxf5 Bh5 16. Ng4 Bf4 17. Rhg1 Nb6 18.
Bb3 Nbd5 19. Kb1 Rhe8 20. Qf2 Bxd2 21. Rxd2 Nxc3+ 22. bxc3 Ne4 23. Qg2 Nxd2+ 24. Qxd2 Bxg4 25. hxg4 h6 26. g5 hxg5 27. Rxg5 g6 28. fxg6 fxg6 29. Rxg6 Re7 30. Qg5 Rde8 31. Rg8 Rxg8 32. Qxg8+ Qd8 33. Be6+ Kc7 34. Qg3+ Qd6 35. Qxd6+ Kxd6 36. Bc4 b5 37. Bd3 Kd5 38. Kb2 Re1 39. a3 a6 40. Ka2 c5 41.
dxc5 Kxc5 42. Kb2 a5 43. Ka2 b4 44. cxb4+ axb4 45. axb4+ Kxb4 46. Kb2 Rg1 47. Bh7 Rg2 48.
Bd3 Rf2 49. Be4 Kc5 50. Bd3 Kd4 51. Bh7 Ke3 52. Bd3 Kd2 53. Bh7 Kd1 54. Bd3 Rh2 55.
Bg6 Rh6 56. Bd3 Rb6+ 57. Kc3 Kc1 58. Kd4 Kb2 59. c4 Kb3 60. Kc5 Rh6 61. Be4 Kc3 62.
Bd5 Rh5 63. Kb5 Kd4 64. Kc6 Rh6+ 65. Kb5 Rd6 66. Ka5 Kc5 67. Ka4 Rh6 68. Kb3 Rh3+ 69.
Ka4 Rc3 70. Bf7 Re3 71. Bd5 Rc3 72. Bf7 Rxc4+ 73. Bxc4 1/2-1/2

[Event "*** SCC Grand Prix: Titled Tuesday Blitz"]
[Site "Chess.com"]
[Date "2020.10.13"]
[Round "8"]
[White "parintele_chess"]
[Black "Manukyan_Artak"]
[Result "0-1"]
[WhiteElo "2145"]
[BlackElo "2323"]
[TimeControl "180+1"]
[EndTime "11:34:59 PDT"]
[Termination "Manukyan_Artak won by resignation"]

1. d4 Nf6 2. c4 e6 3. Nc3 Bb4 4. e3 d5 5. Ne2 dxc4 6. a3 Be7 7.
Ng3 c5 8. Qa4+ Nc6 9. dxc5 Bxc5 10. Qxc4 Be7 11. Be2 O-O 12. O-O Ne5 13. Qb3 Qb6 14.
Qxb6 axb6 15. f4 Ng6 16. e4 Rd8 17. Be3 Bc5 18. Bxc5 bxc5 19. Rad1 Bd7 20. e5 Ne8 21. Nge4 b6 22. g3 Bc6 23. Bf3 Kf8 24. Kf2 Ne7 25.
Nd6 Bxf3 26. Kxf3 Nc6 27. Ncb5 Nxd6 28. exd6 Rd7 29. b3 g6 30. a4 c4 31. bxc4 Rxa4 32. Rc1 Na5 33. c5 bxc5 34. Rxc5 Nb3 35. Rc7 Ke8 36. Rb1 Rb4 37. Rc8+ Rd8 38. Nc7+ Kd7 39. Rxd8+ Kxd8 40. Na6 Nd4+ 41. Ke4 Rxb1 42. Kxd4 Rb6 43. Nc5 Rxd6+ 44. Ke4 Rd5 45. Nd3 Ke7 46. Ne5 h5 47. Nc6+ Kf6 48. Nb4 Rb5 49. Nd3 Ra5 50. Ne5 Rxe5+ 51.
fxe5+ Kg5 52. h3 h4 53. g4 f6 54. exf6 Kxf6 55. Kf4 e5+ 56. Ke4 Ke6 57. g5 Kd6 58. Ke3 Kd5 59. Kd3 e4+ 60. Ke3 Ke5 61. Ke2 Kf4 62.
Kf2 Kxg5 63. Ke3 Kf5 64. Kf2 g5 65. Ke2 Kf4 66. Kf2 g4 67. Ke2 gxh3 0-1

[Event "*** SCC Grand Prix: Titled Tuesday Blitz"]
[Site "Chess.com"]
[Date "2020.10.13"]
[Round "8"]
[White "Gulkov_Igor"]
[Black "tlomigtlis"]
[Result "1-0"]
[WhiteElo "2485"]
[BlackElo "2629"]
[TimeControl "180+1"]
[EndTime "11:35:02 PDT"]
[Termination "Gulkov_Igor won by checkmate"]

1. Nf3 Nf6 2. c4 c6 3. Nc3 d5 4.
d4 e6 5. Bg5 Nbd7 6. cxd5 cxd5 7. e3 Bd6 8. Bd3 O-O 9. O-O h6 10. Bh4 a6 11. Rc1 b5 12. Bg3 Qe7 13. a4 b4 14. Nb1 Bb7 15. a5 Ne4 16. Bxd6 Qxd6 17. Qa4 Rac8 18. Nbd2 Ndf6 19. Bxe4 dxe4 20. Ne5 Bd5 21.
Ndc4 Qe7 22. Nb6 Rxc1 23. Rxc1 Rd8 24. Qc2 Ne8 25. Qc5 Qxc5 26. Rxc5 f6 27. Nc6 Bxc6 28. Rxc6 Nd6 29. h4 Nf5 30. g3 Kf7 31. Nc4 Ra8 32.
Kg2 Ne7 33. Rc7 Kf8 34. Nd6 Nd5 35. Rc5 Rd8 36. Nxe4 Rb8 37. b3 Ke7 38. Kf3 f5 39. Nd2 Nc3 40. Nc4 Nd5 41. Ne5 Rb7 42. Rc6 Ra7 43. Rc5 Kf6 44. Nc6 Rb7 45. Ne5 Ra7 46. Nc4 Rb7 47. Rc6 Ra7 48. Nb6 Nxb6 49. Rxb6 g5 50.
hxg5+ hxg5 51. Rxb4 g4+ 52. Ke2 Rc7 53. Rb6 Rc2+ 54.
Kf1 Rc1+ 55. Kg2 Rb1 56. b4 Rb2 57. d5 Kg5 58. Rxe6 Rc2 59. Rxa6 Rb2 60. Rb6 f4 61. exf4+ Kf5 62. a6 Ra2 63. b5 Ke4 64. Rb7 Kd3 65. a7 Ke2 66. Re7+ Kd3 67. d6 Kc4 68. d7 Kxb5 69.
d8=Q Kc4 70. Qc7+ Kd3 71. Re3+ Kd2 72. Qc3+ Kd1 73. Re1# 1-0

[Event "*** SCC Grand Prix: Titled Tuesday Blitz"]
[Site "Chess.com"]
[Date "2020.10.13"]
[Round "8"]
[White "witcher8"]
[Black "A-S-00"]
[Result "1-0"]
[WhiteElo "2424"]
[BlackElo "2263"]
[TimeControl "180+1"]
[EndTime "11:35:02 PDT"]
[Termination "witcher8 won by resignation"]

1. e4 c5 2. Nc3 e6 3. f4 Nc6 4. Nf3 Nge7 5. g3 g6 6. Bg2 Bg7 7. O-O O-O 8. Ne2 d5 9. e5 d4 10. d3 Nd5 11. g4 b5 12. Ng3 f6 13. exf6 Bxf6 14. Ne4 Be7 15. Qe1 Nxf4 16. Bxf4 Rxf4 17.
Qg3 Rf8 18. Ne5 Bb7 19. Rxf8+ Bxf8 20. Rf1 Bg7 21. Nxc6 Bxc6 22. Nf6+ Bxf6 23. Bxc6 Rc8 24. Bxb5 Qe7 25. Bc4 Kg7 26. Qf3 e5 27. Qd5 Rd8 28.
Qc6 h6 29. h4 Qd6 30. Qe4 Rd7 31. h5 Bg5 32. hxg6 Be3+ 33. Kg2 Qxg6 34. Qxe5+ Kh7 35. Be6 Re7 36. Rf6 Qxg4+ 37. Bxg4 Rxe5 38. Rf7+ Kg6 39. Rxa7 Rg5 40. Kf3 h5 41. Ra6+ Kg7 42. Bh3 h4 43. Bg4 Re5 44. a4 Bc1 45. b3 Re3+ 46. Kf2 h3 47. Ra7+ Kg6 48. Ra8 Rg3 49. Bd7 Re3 50.
Rh8 Bd2 51. Rxh3 Be1+ 52. Kf1 Rxh3 53. Bxh3 Ba5 54. Kf2 Kf6 55. Kf3 Ke5 56. Kg4 Bb4 57. Kg5 Ba5 58. Bd7 Bb4 59. Bb5 Ba5 60. Bc4 Bb4 61. Kg6 Kf4 62. Kf6 Ke3 63. Ke6 Kd2 64. Kd5 Kxc2 65. Kc6 Kd2 66. Kb5 Ke3 67. a5 Be1 68. a6 Bg3 1-0

[Event "*** SCC Grand Prix: Titled Tuesday Blitz"]
[Site "Chess.com"]
[Date "2020.10.13"]
[Round "8"]
[White "sergeikim"]
[Black "AsaHoffmann"]
[Result "0-1"]
[WhiteElo "2508"]
[BlackElo "2367"]
[TimeControl "180+1"]
[EndTime "11:35:03 PDT"]
[Termination "AsaHoffmann won on time"]

1. d4 Nf6 2. c4 c5 3. d5 e5 4. Nc3 d6 5. e4 Be7 6. Nge2 Nbd7 7. g3 h5 8. h3 a6 9. a4 b6 10. Bg2 Nf8 11. Be3 Ng6 12. Qd2 h4 13. g4 Bd7 14.
O-O Nh7 15. Rab1 a5 16. f4 exf4 17. Nxf4 Ne5 18. b3 g6 19. Rf2 Ng5 20. Rbf1 Qc8 21.
Nd3 Nxd3 22. Qxd3 O-O 23. e5 Bxg4 24. Bxg5 Bxg5 25. hxg4 Qxg4 26. Ne4 dxe5 27. Kh1 f5 28. Nxg5 Qxg5 29. d6 Rad8 30. Bd5+ Kg7 31. Rg2 Qf6 32. Qe3 Rxd6 33. Qg5 Qxg5 34. Rxg5 e4 35. Kg2 Kf6 36.
Rg4 Ke5 37. Rxh4 g5 38. Rh7 Kd4 39. Rg7 g4 40. Kg3 e3 41. Kf4 Re8 42. Re1 e2 43.
Rg5 Kd3 44. Rxf5 Kd2 45. Rxe2+ Rxe2 46. Kxg4 Kc3 47. Rf3+ Kb4 48. Kf5 Rd2 49. Ke5 Rd8 50. Ke6 Rb2 51. Ke7 Rh8 52. Kd6 Rh6+ 53. Kc7 Rxb3 54.
Rf2 Kxa4 55. Ra2+ Kb4 56. Bc6 Rxc6+ 57. Kxc6 Kxc4 58. Rc2+ Kb4 59. Rd2 a4 60. Rd1 a3 61.
Ra1 Rb2 62. Kd5 a2 63. Ke4 Kb3 64. Kd3 Rb1 65. Rxa2 Kxa2 0-1

[Event "*** SCC Grand Prix: Titled Tuesday Blitz"]
[Site "Chess.com"]
[Date "2020.10.13"]
[Round "8"]
[White "tornikesanikidze"]
[Black "Alexander_Moskalenko"]
[Result "1/2-1/2"]
[WhiteElo "2705"]
[BlackElo "2819"]
[TimeControl "180+1"]
[EndTime "11:35:04 PDT"]
[Termination "Game drawn by repetition"]

1. d4 d5 2. c4 c6 3. Nf3 Nf6 4. Nc3 dxc4 5. e4 b5 6. Be2 Bg4 7. O-O e6 8. a4 b4 9. e5 Nd5 10. Ne4 Be7 11. Bxc4 O-O 12. Ng3 a5 13. h3 Bxf3 14.
Qxf3 Nd7 15. Re1 Re8 16. Ne4 Rc8 17. b3 c5 18. Bb2 cxd4 19. Bxd4 Nc5 20. Bxc5 Bxc5 21.
Rad1 Qc7 22. Bxd5 exd5 23. Nxc5 Qxc5 24. Rxd5 Qc2 25. Rxa5 Rf8 26. Rb5 Rc3 27. Qe4 Qxb3 28. Rxb4 Qa3 29. e6 fxe6 30. Qxe6+ Kh8 31. Qe7 Rcc8 32.
Rb7 Qc3 33. a5 Ra8 34. a6 Qd4 35. Re3 Rg8 36. a7 Qa1+ 37. Kh2 Qa4 38. g3 Raf8 39. Qxf8 Rxf8 40. Rb8 Rg8 41. a8=Q Qxa8 42. Rxa8 Rxa8 43. g4 h6 44. h4 Kh7 45. h5 Kg8 46. Re7 Ra3 47.
Kg2 Rb3 48. f3 Kf8 49. Re4 Ra3 50. Kg3 Rb3 51. Rf4+ Kg8 52. Re4 Ra3 53. Rc4 Rb3 54.
Rc5 Kf7 55. Rc7+ Kg8 56. Kf4 Rb4+ 57. Kf5 Rb5+ 58. Ke4 Rb4+ 59. Ke5 Rb5+ 60. Kd4 Rb4+ 61. Ke3 Rb3+ 62. Kf2 Rb2+ 63. Kg3 Rb3 64. Rc5 Rb4 65. g5 hxg5 66. Rxg5 Kh7 67. Rg4 Rb1 68. Kf4 Rb4+ 69.
Kg5 Rb5+ 70. Kh4 Rb1 71. Rc4 Rg1 72. Rd4 Kh6 73. Rd6+ Kh7 74. Rd4 Kh6 75. Rd6+ Kh7 76. Rc6 Rh1+ 77. Kg4 Rg1+ 78. Kf5 Ra1 79. Kg4 Rg1+ 80.
Kf5 Rh1 81. Kg4 Rh2 82. f4 Rg2+ 83. Kf5 Rh2 84. Kg5 Rg2+ 85. Kf5 Rh2 86. Kg4 Rg2+ 87. Kf3 Rh2 88. Kg4 1/2-1/2

[Event "*** SCC Grand Prix: Titled Tuesday Blitz"]
[Site "Chess.com"]
[Date "2020.10.13"]
[Round "8"]
[White "WiktoriaPOL"]
[Black "tan275"]
[Result "1-0"]
[WhiteElo "2063"]
[BlackElo "2204"]
[TimeControl "180+1"]
[EndTime "11:35:05 PDT"]
[Termination "WiktoriaPOL won by checkmate"]

1. c4 e6 2. Nc3 d5 3. d4 Nf6 4.
cxd5 exd5 5. Bg5 Be7 6. e3 c6 7. Bd3 Nbd7 8. Qc2 Nh5 9. Bxe7 Qxe7 10. Nge2 g6 11. O-O O-O 12. Rae1 Nb6 13. Nc1 Ng7 14. f3 c5 15. dxc5 Qxc5 16. Nb3 Qc7 17. Qe2 Bd7 18.
Rc1 Qd6 19. Nd4 a6 20. Rfd1 Rac8 21. b3 Rfe8 22. Qf2 Qe5 23. Re1 Nf5 24. Nxf5 Bxf5 25. Bxf5 Rxc3 26. Rxc3 Qxc3 27. Bb1 d4 28. e4 Rd8 29. Rd1 a5 30. Qd2 Qxd2 31. Rxd2 a4 32.
Kf2 Kg7 33. Bc2 a3 34. Ke2 Kf6 35. f4 Ke6 36. Kd3 f6 37. g4 g5 38. fxg5 fxg5 39. Rf2 Rd7 40. Rf5 Rc7 41. Rxg5 Rc3+ 42. Kd2 Re3 43.
Rb5 Nd7 44. Rxb7 Ne5 45. Rb6+ Kf7 46. Bd1 Rh3 47. Rb7+ Ke6 48. Ra7 Rxh2+ 49. Ke1 Rxa2 50. b4 Nd3+ 51. Kf1 Ra1 52. Ke2 Nf4+ 53. Kf3 Ra2 54.
Kxf4 Rf2+ 55. Kg3 Rd2 56. Kf4 Rxd1 57. Rxa3 Rd3 58. Rxd3 Kd6 59. Rxd4+ Ke6 60. e5 Ke7 61. Kf5 Ke8 62. e6 Ke7 63. Ke5 Ke8 64. Rd7 Kf8 65.
Kf6 Ke8 66. Rxh7 Kf8 67. Rh8# 1-0

[Event "*** SCC Grand Prix: Titled Tuesday Blitz"]
[Site "Chess.com"]
[Date "2020.10.13"]
[Round "8"]
[White "GregShahade"]
[Black "dretch"]
[Result "1/2-1/2"]
[WhiteElo "2650"]
[BlackElo "2827"]
[TimeControl "180+1"]
[EndTime "11:35:07 PDT"]
[Termination "Game drawn - insufficient material"]

1. e4 e6 2. d4 d5 3. Nd2 c5 4.
exd5 Qxd5 5. Ngf3 cxd4 6. Bc4 Qd6 7.
O-O Nf6 8. Nb3 Nc6 9. Nbxd4 Nxd4 10. Nxd4 Be7 11. c3 O-O 12. Qf3 Qc5 13. Bb3 Rd8 14. Be3 Qh5 15. Qxh5 Nxh5 16. Rfd1 Bd7 17. Rd2 Nf6 18.
f3 e5 19. Ne2 Bb5 20. Kf2 Rxd2 21. Bxd2 a5 22. a4 Bc6 23. Be3 Nd5 24. Bd2 Bc5+ 25.
Ke1 Kf8 26. Ng3 Nf4 27. Kf1 Nd3 28. Rb1 Rd8 29. Ne4 Bxe4 30. fxe4 Nf2 31. Bd5 Nxe4 32. Bxe4 Rxd2 33. Bxb7 f5 34. b4 Bb6 35. Re1 Rf2+ 36.
Kg1 Rc2+ 37. Kf1 e4 38. bxa5 Bxa5 39. g4 Bxc3 40. Re2 Rc1+ 41. Kg2 Rb1 42. Bc6 Rb6 43. Bb5 g6 44. gxf5 gxf5 45. Bd7 Rg6+ 46. Kh3 Rf6 47.
Rc2 Ba5 48. Rc5 Ke7 49. Rxf5 Rh6+ 50. Kg2 Bc7 51. Bb5 Rxh2+ 52. Kg1 Ra2 53. Rh5 e3 54. Rxh7+ Kd6 55. Rd7+ Ke6 56. Rxc7 Kd6 57. Rc1 Ke5 58. Rc4 Ra1+ 59. Kg2 e2 60. Rc5+ Kd6 61. Rc6+ Kd5 62. Bxe2 Kxc6 63. Bb5+ Kc5 64. Kf3 Kd4 65. Ke2 Ra2+ 66.
Kf3 Ra3+ 67. Ke2 Rb3 68. Kf2 Ke5 69. Ke2 Kf4 70. Kd2 Ke5 71. Kc2 Rb4 72. Kc3 Rh4 73.
Kb3 Kd6 74. Kc3 Kc5 75. Kd3 Rh3+ 76. Ke4 Ra3 77. Kf4 Kd4 78. Kf5 Kd5 79. Kf4 Kc5 80. Ke4 Rxa4+ 81. Bxa4 1/2-1/2

[Event "*** SCC Grand Prix: Titled Tuesday Blitz"]
[Site "Chess.com"]
[Date "2020.10.13"]
[Round "8"]
[White "Meri-Arabidze"]
[Black "Zq1"]
[Result "1-0"]
[WhiteElo "2693"]
[BlackElo "2519"]
[TimeControl "180+1"]
[EndTime "11:35:08 PDT"]
[Termination "Meri-Arabidze won by resignation"]

1. d4 d5 2. c4 e6 3. Nf3 Nf6 4.
Nc3 Be7 5. Bg5 h6 6. Bh4 O-O 7. e3 b6 8. Bd3 Bb7 9. O-O Nbd7 10. Bg3 a6 11. Rc1 c5 12. cxd5 Nxd5 13. Nxd5 Bxd5 14.
Bb1 Nf6 15. Be5 Rc8 16. dxc5 Rxc5 17. Rxc5 bxc5 18. Nd2 Qa8 19. f3 Rd8 20. Qc2 g6 21.
e4 Bc6 22. Nc4 Bb5 23. b3 Nd7 24. Bb2 Bf6 25. Bc1 Bd4+ 26. Kh1 h5 27. Bg5 Bf6 28. Bh6 Ne5 29. Rc1 Bxc4 30. bxc4 Nc6 31. Qa4 Nd4 32. e5 Bxe5 33. Be4 Qb8 34. Rb1 Qd6 35. Bg5 Rb8 36. Rxb8+ Qxb8 37. g3 Bxg3 38. hxg3 Qxg3 39. Qe8+ Kg7 40.
Qd8 Qe5 41. Kg2 Nf5 42. Bxf5 Qxf5 43. f4 Qe4+ 44. Kf2 Qf5 45. Ke3 e5 46. fxe5 Qxe5+ 47. Kd3 f6 48. Bh6+ Kf7 49. Qf8+ Ke6 50. Qc8+ Kf7 51.
Qb7+ Ke6 52. Qxa6+ Kf5 53. Qc8+ Qe6 54. Qxe6+ Kxe6 55. a4 g5 56. a5 Kd6 57. Bg7 h4 58. Bxf6 h3 59. Bxg5 Ke5 60. Bd8 Kd6 61. Bh4 Kc6 62.
Bg3 Kb7 63. Kc3 Ka6 64. Bc7 Kb7 65. Bf4 Ka6 66. Kd3 Kxa5 67. Ke4 Ka4 68. Kd5 Kb4 69. Bd6 1-0

[Event "*** SCC Grand Prix: Titled Tuesday Blitz"]
[Site "Chess.com"]
[Date "2020.10.13"]
[Round "8"]
[White "AlexTriapishko"]
[Black "rpragchess"]
[Result "1-0"]
[WhiteElo "2807"]
[BlackElo "2893"]
[TimeControl "180+1"]
[EndTime "11:35:10 PDT"]
[Termination "AlexTriapishko won by resignation"]

1. Nf3 Nf6 2. g3 g6 3. Bg2 Bg7 4. O-O O-O 5. d4 d6 6. b3 a5 7. Bb2 a4 8. b4 d5 9. a3 Ne4 10. Nbd2 Nc6 11. e3 Bg4 12. h3 Nxd2 13. Qxd2 Bxf3 14. Bxf3 e5 15. dxe5 Nxe5 16. Bxe5 Bxe5 17. Rad1 c6 18. Qe2 Qf6 19. Kg2 Bc3 20. Rd3 Rfe8 21. Rfd1 Re7 22. h4 h5 23. b5 Rae8 24. bxc6 bxc6 25. Rb1 d4 26. Rb6 Re6 27. Ra6 Kg7 28. Rxa4 dxe3 29. Rxe3 Rxe3 30. fxe3 c5 31. Rf4 Qe7 32.
Bd5 Rf8 33. e4 Be5 34. Rf3 Bd6 35. a4 f6 36. a5 Rb8 37. a6 c4 38. Qxc4 Rb1 39.
Qd4 Bc5 40. Qc3 Rg1+ 41. Kh2 Rd1 42. Rd3 Rb1 43. e5 fxe5 44. Rf3 Kh6 45. Qd2+ g5 46. hxg5+ Kg6 47. Rf6+ Kg7 48. Rf7+ Qxf7 49. Bxf7 Bg1+ 50. Kg2 Kxf7 51. Qd5+ Kg6 52. Qe6+ Kxg5 53. Qxe5+ Kg6 54. Qe4+ Kg5 55. c4 Ra1 56. Qe5+ Kg4 57. Qxa1 Bc5 58. Qg7+ Kf5 59. Qf7+ Kg4 60. Qe6+ Kg5 61. Qd5+ Kg4 62.
Qf3+ Kg5 63. Qf4+ Kg6 64. Kh3 h4 65. gxh4 Bf2 66. h5+ Kh7 67. Qxf2 Kh6 68. a7 1-0

[Event "*** SCC Grand Prix: Titled Tuesday Blitz"]
[Site "Chess.com"]
[Date "2020.10.13"]
[Round "8"]
[White "Leonid_Starozhilov"]
[Black "Fandorine"]
[Result "0-1"]
[WhiteElo "2644"]
[BlackElo "2854"]
[TimeControl "180+1"]
[EndTime "11:35:11 PDT"]
[Termination "Fandorine won by resignation"]

1. e4 g6 2. d4 Bg7 3. c4 d6 4. Nc3 Nf6 5. f3 O-O 6. Be3 a6 7. Qd2 Nbd7 8. Nge2 b5 9. Ng3 c6 10.
Be2 e5 11. O-O bxc4 12. Bxc4 d5 13. exd5 Nb6 14. Bb3 Nfxd5 15. Nxd5 Nxd5 16. Bxd5 Qxd5 17. dxe5 Qxe5 18. b3 Be6 19. Rad1 a5 20. Bd4 Qxd4+ 21. Qxd4 Bxd4+ 22. Rxd4 Rfd8 23. Rfd1 Rd5 24. Ne4 Kg7 25. Nc3 Rc5 26. Na4 Rb5 27. Rc1 Bd5 28.
Kf2 h5 29. h4 Rb4 30. Rcd1 Rb7 31. Rc1 Rb4 32. Rcd1 Be6 33. Rxb4 axb4 34. Rd4 Rb8 35. Nc5 Bf5 36. Na4 Bb1 37. Rd2 Rb5 38. Kg3 c5 39.
Rb2 Bf5 40. Rd2 Be6 41. Rc2 c4 42. bxc4 Ra5 43. Nb6 Rc5 44. Kf2 Kf6 45. Ke3 Ke5 46.
f4+ Kd6 47. Kd4 Kc6 48. Na4 Ra5 49. Nb2 Rxa2 50. Nd3 Ra4 51. Rb2 b3 52. Ne5+ Kc7 53. Rxb3 f6 54. Nd3 Rxc4+ 55. Ke3 Bd5 56. g3 Re4+ 57.
Kd2 Bxb3 58. Nc5 Rc4 59. Nxb3 Kd6 60. Kd3 Kd5 61. Nd2 Rd4+ 62. Ke3 Ra4 63. Nf3 Ra3+ 64. Kf2 Ke4 65. Nd2+ Kf5 66. Nf1 Kg4 67. Nh2+ Kh3 68. Nf3 Ra2+ 69. Ke3 Kxg3 70. Nd4 Ra3+ 71. Ke4 Ra4 72.
f5 gxf5+ 0-1

[Event "*** SCC Grand Prix: Titled Tuesday Blitz"]
[Site "Chess.com"]
[Date "2020.10.13"]
[Round "8"]
[White "AttilaTurzo"]
[Black "AlexSuv"]
[Result "0-1"]
[WhiteElo "2390"]
[BlackElo "2538"]
[TimeControl "180+1"]
[EndTime "11:35:13 PDT"]
[Termination "AlexSuv won on time"]

1. d4 Nf6 2. Nf3 e6 3. Bf4 b6 4. e3 Bb7 5. h3 d6 6. c4 Nbd7 7. Nc3 g6 8. Bd3 Bg7 9. e4 O-O 10. Bg5 h6 11. Be3 e5 12. d5 Nh5 13. O-O Nf4 14. Re1 Nf6 15. Bf1 Bc8 16. Kh2 g5 17. g3 Ng6 18. Nd2 Nh7 19. b4 a5 20. a3 f5 21. exf5 Bxf5 22. Nde4 Nf6 23. Bg2 Nxe4 24. Nxe4 Qd7 25. c5 axb4 26. axb4 Rxa1 27. Qxa1 bxc5 28. bxc5 Ne7 29. Rd1 Bxe4 30. Bxe4 Nf5 31. Bxf5 Qxf5 32. cxd6 cxd6 33. Qa3 Qg6 34. Qd3 e4 35. Qe2 h5 36.
Bd4 Rf7 37. Bxg7 Kxg7 38. Rd4 Re7 39. Qe3 Qf5 40. Kg2 Kf7 41. Qe2 g4 42. hxg4 hxg4 43. Qe3 Qf3+ 44. Qxf3+ gxf3+ 45. Kh3 Kf6 46. Kg4 Ke5 47.
Rd1 Rg7+ 48. Kh5 Rh7+ 49. Kg6 Rh2 50. Rf1 Kxd5 51. Kf5 Rh5+ 52. Kf4 Re5 53. g4 Ke6 54. g5 d5 55. Ra1 Rf5+ 56. Kg4 Rf8 57. Ra6+ Ke5 58. g6 e3 59. g7 Rg8 60. Kxf3 exf2 61.
Kxf2 Rxg7 62. Ra3 Rf7+ 63. Ke2 Rh7 64. Kd2 Rh2+ 65. Ke1 d4 66. Kd1 Ke4 67. Ke1 Rh1+ 68. Ke2 d3+ 69. Kd2 Rh2+ 0-1

[Event "*** SCC Grand Prix: Titled Tuesday Blitz"]
[Site "Chess.com"]
[Date "2020.10.13"]
[Round "8"]
[White "KonstantinB_1983"]
[Black "shriyanasmallya"]
[Result "1-0"]
[WhiteElo "2467"]
[BlackElo "1630"]
[TimeControl "180+1"]
[EndTime "11:35:15 PDT"]
[Termination "KonstantinB_1983 won by checkmate"]

1. d4 d5 2. c4 e6 3. Nc3 Nf6 4. Bg5 Be7 5. Nf3 Nbd7 6. e3 b6 7. cxd5 Nxd5 8. Bxe7 Qxe7 9. Nxd5 exd5 10. Qd2 Bb7 11.
Be2 O-O 12. O-O c5 13. Rfd1 c4 14. b3 cxb3 15. axb3 Nf6 16. Ne5 Ne4 17. Qb2 a5 18. Bd3 Rac8 19. Rdc1 f6 20. Nf3 h6 21. h3 Qf7 22. Qa3 Qe6 23. b4 axb4 24. Qxb4 Rxc1+ 25. Rxc1 Ra8 26. Rb1 Bc8 27. Qxb6 Qxb6 28. Rxb6 Ra1+ 29. Rb1 Rxb1+ 30. Bxb1 Ba6 31. Bxe4 dxe4 32. Nd2 Bb7 33. Kf1 Kf7 34. Ke1 Ke6 35. Kd1 g5 36.
f3 f5 37. fxe4 fxe4 38. Ke2 Ba6+ 39. Kf2 Kd5 40. Nb3 Bc4 41. Nc5 Bb5 42. Kg3 Be8 43. h4 Bh5 44. hxg5 hxg5 45. Nd7 Ke6 46. Ne5 Be2 47. Kf2 Bd1 48. Ke1 Bh5 49. Kd2 g4 50. g3 Kf5 51. Kc3 Be8 52. Kc4 Bh5 53. Kd5 Be8 54.
Kd6 Bh5 55. d5 Kf6 56. Nd7+ Kf7 57. Ke5 Ke7 58. Nf6 Bg6 59. Nxg4 Kd7 60. Nf6+ Ke7 61. Nxe4 Bxe4 62. Kxe4 Kd6 63. Kd4 Ke7 64. e4 Kd7 65. e5 Ke7 66. Kc5 Kd7 67. e6+ Ke7 68.
Kc6 Kf8 69. Kc7 Ke8 70. d6 Kf8 71. d7 Ke7 72. d8=Q+ Kxe6 73. Qg5 Kf7 74. Kd6 Kf8 75. Qe7+ Kg8 76. Ke6 Kh8 77. Kf6 Kg8 78. Qg7# 1-0

[Event "*** SCC Grand Prix: Titled Tuesday Blitz"]
[Site "Chess.com"]
[Date "2020.10.13"]
[Round "8"]
[White "VitaliyBernadskiy"]
[Black "SamuelGhimpu2003"]
[Result "1-0"]
[WhiteElo "2751"]
[BlackElo "2581"]
[TimeControl "180+1"]
[EndTime "11:35:18 PDT"]
[Termination "VitaliyBernadskiy won by checkmate"]

1. e4 e6 2. Nf3 d5 3. e5 c5 4. b4 d4 5. bxc5 Bxc5 6. Bd3 Nc6 7. O-O Nge7 8. Ba3 Qa5 9. Bxc5 Qxc5 10. Re1 Ng6 11. Bxg6 hxg6 12. d3 Nb4 13. Na3 b5 14.
Rb1 a6 15. Nd2 Nxa2 16. Qf3 Qa7 17. Ne4 Rb8 18. Nc4 Rh5 19. Ncd6+ Kf8 20. Qf4 Nc3 21. Ng5 Nxb1 22. Ndxf7 Nc3 23. Nd8+ Kg8 24. Nc6 Qc7 25. Nxb8 Qe7 26. h4 Bb7 27. Qg4 b4 28. Ra1 Nb5 29. Nxa6 Bxa6 30. Rxa6 Nc7 31. Ra7 Qd8 32. Rxc7 Qxc7 33.
Qxe6+ Kf8 34. Qxg6 Rxg5 35. Qxg5 Qxc2 36. Qd8+ Kf7 37.
Qd5+ Kf8 38. Qd6+ Kg8 39. Qxb4 Qc1+ 40. Kh2 Qf4+ 41. Kg1 Qc1+ 42. Kh2 Qf4+ 43. Kh3 Qf5+ 44.
Kg3 Qxe5+ 45. Kf3 Qh5+ 46. g4 Qxh4 47. Qxd4 Qh3+ 48. Ke2 Qg2 49. Qe4 Qg1 50. Kf3 Qh1+ 51. Kg3 Qg1+ 52. Kf3 Qd1+ 53. Ke3 Qe1+ 54. Kf3 Qd1+ 55.
Kf4 Qd2+ 56. Kg3 Qd1 57. Qe3 Qg1+ 58. Kf4 Qh2+ 59. Ke4 Qh1+ 60. f3 Qa1 61. d4 Qb1+ 62. Kf4 Qb8+ 63. Qe5 Qf8+ 64. Ke3 Qb4 65. d5 Qb3+ 66.
Kf4 Qc4+ 67. Kg3 Qf1 68. d6 Qg1+ 69. Kf4 Qh2+ 70. Kf5 Qh7+ 71. Ke6 Qg6+ 72. Kd7 Qf7+ 73. Qe7 Qxf3 74. Qe6+ Kf8 75. Qe8# 1-0